 Dungeon Crawl Stone Soup version 0.21.1-1-g345015f (webtiles) character file.

169 lotte the Magician (level 5, 0/28 HPs)
             Began as a Deep Elf Wizard on July 1, 2018.
             Was an Initiate of Vehumet.
             Slain by a worker ant (3 damage)
             ... on level 4 of the Dungeon.
             The game lasted 00:19:36 (3891 turns).

lotte the Magician (Deep Elf Wizard)                Turns: 3891, Time: 00:19:36

Health: 0/28       AC:  0    Str:  4    XL:     5   Next: 25%
Magic:  16/16      EV: 13    Int: 24    God:    Vehumet [......]
Gold:   78         SH:  0    Dex: 13    Spells: 11/17 levels left

rFire    . . .     SeeInvis .   h - +0 short sword
rCold    . . .     Gourm    .   (no shield)
rNeg     . . .     Faith    .   a - +1 robe
rPois    .         Spirit   .   b - +0 hat
rElec    .         Reflect  .   v - +0 cloak (curse)
rCorr    .         Harm     .   (no gloves)
MR       .....     Rnd*Tele +   (no boots)
Stlth    ++........             n - amulet of magic regeneration
HPRegen  0.09/turn              q - ring of teleportation (curse)
MPRegen  0.40/turn              t - -4 ring of protection (curse)

@: lethally poisoned (0 -> -4)
A: no striking features
a: Renounce Religion


You were on level 4 of the Dungeon.
You worshipped Vehumet.
Vehumet was noncommittal.
You were near starving.

You visited 1 branch of the dungeon, and saw 4 of its levels.

You collected 78 gold pieces.

Inventory:

Hand Weapons
 h - a +0 short sword (weapon)
Armour
 a - a +1 robe (worn)
 b - a +0 hat (worn)
 v - a cursed +0 cloak (worn)
Jewellery
 n - an amulet of magic regeneration (around neck)
 q - a cursed ring of teleportation (left hand)
 t - a cursed -4 ring of protection (right hand)
Wands
 e - a wand of flame (23)
Scrolls
 f - 2 scrolls of amnesia
 g - 2 scrolls of blinking
 m - a scroll of immolation
 u - a scroll of identify
Potions
 i - a potion of invisibility {unknown}
 j - a potion of flight {unknown}
 k - 2 potions of lignification {unknown}
 l - a potion of curing {unknown}
 o - 2 potions of berserk rage {unknown}
 p - 3 potions of might {unknown}
 r - a potion of degeneration {unknown}
 s - a potion of agility {unknown}
Books
 c - a book of Minor Magic

   Spells                             Type                      Level
   a - Magic Dart                     Conjuration                  1
   b - Blink                          Translocation                2
   c - Call Imp                       Summoning                    2
   d - Slow                           Hexes                        2
   e - Conjure Flame                  Conjuration/Fire             3
   f - Mephitic Cloud                 Conjuration/Poison/Air       3
Comestibles
 d - 7 rations


   Skills:
 - Level 2.5 Dodging
 - Level 2.5 Stealth
 + Level 6.7 Spellcasting
 * Level 2.7 Conjurations
 + Level 2.6 Summonings
   Level 1.1 Translocations


You had 11 spell levels left.
You knew the following spells:

 Your Spells              Type           Power        Failure   Level  Hunger
a - Magic Dart            Conj           ###.         2%          1    None
b - Call Imp              Summ           ###.....     3%          2    None
c - Mephitic Cloud        Conj/Pois/Air  ##......     16%         3    None


Dungeon Overview and Level Annotations

Branches:
Dungeon (4/15)
 Temple: D:4-7

Altars:
Hepliaklqana
Makhleb
Okawaru
Sif Muna
Trog
Vehumet
The Shining One


Message History

You feel sick.
* * * LOW HITPOINT WARNING * * *
You feel sick. The worker ant closely misses you.
A frilled lizard comes into view.
The frilled lizard hisses angrily.
* * * LOW HITPOINT WARNING * * *
You feel sick.
* * * LOW HITPOINT WARNING * * *
You feel sick. The worker ant closely misses you.
* * * LOW HITPOINT WARNING * * *
You feel sick. The worker ant bites you.
* * * LOW HITPOINT WARNING * * *
* * * LOW HITPOINT WARNING * * *
You feel sick.
Your crimson imp blinks!
* * * LOW HITPOINT WARNING * * *
You feel sick. The worker ant bites you.
You die...

.# .# .#
####################.#
.....................#
.....................###
.......................#
................@....#
......ยง....5s.la.#...#
..........##.....#.#.#
....#####.######.#<#.#
....# #s.# #.### #
....######.#####..
...................
....###.###+######.#
#####..... ##


You could see a scorpion, a worker ant, a frilled lizard and a friendly crimson
imp.

Vanquished Creatures
  An adder (D:3)
  A ball python (D:3)
  4 giant cockroaches
  6 goblins
  8 hobgoblins
  5 jackals (D:1)
  2 quokkas (D:3)
  8 bats
  4 frilled lizards
  7 kobolds
  3 rats
49 creatures vanquished.

Vanquished Creatures (collateral kills)
  A phantom (D:3)
  A hound zombie (D:3)
  4 adders
  A shadow imp (D:2)
  A leopard gecko (D:1)
  5 orcs (D:3)
  A giant cockroach (D:2)
  2 goblins
  3 jackals (D:1)
  A quokka (D:3)
  A rat (D:3)
21 creatures vanquished.

Grand Total: 70 creatures vanquished

Notes
Turn   | Place    | Note
-------+----------+-------------------------------------------
     0 | D:1      | lotte the Deep Elf Wizard began the quest for the Orb.
     0 | D:1      | Reached XP level 1. HP: 10/10 MP: 7/7
   373 | D:1      | Reached XP level 2. HP: 15/15 MP: 7/9
   377 | D:1      | Learned a level 2 spell: Call Imp
   452 | D:1      | Reached skill level 5 in Spellcasting
   982 | D:1      | Reached XP level 3. HP: 19/19 MP: 9/12
  1862 | D:2      | Learned a level 3 spell: Mephitic Cloud
  2027 | D:2      | Reached skill level 6 in Spellcasting
  2110 | D:2      | Found an iron altar of Okawaru.
  2479 | D:3      | Reached XP level 4. HP: 23/24 MP: 11/14
  2871 | D:3      | Found a radiant altar of Vehumet.
  2898 | D:3      | Became a worshipper of Vehumet
  3023 | D:3      | Noticed a phantom
  3067 | D:3      | Killed a phantom
  3067 | D:3      | Reached XP level 5. HP: 24/28 MP: 13/16
  3643 | D:3      | Found a bloodstained altar of Trog.
  3643 | D:3      | Found a glowing golden altar of the Shining One.
  3648 | D:3      | Found a burning altar of Makhleb.
  3656 | D:3      | Found a deep blue altar of Sif Muna.
  3658 | D:3      | Found a hazy altar of Hepliaklqana.
  3891 | D:4      | Slain by a worker ant

Skill      XL: |  1  2  3  4 |
---------------+-------------+-----
Spellcasting   | 5 6 |  6.7
Conjurations   | 2 |  2.7
Summonings     | 2 |  2.6
Dodging        | |  2.5
Stealth        | |  2.5
Translocations | |  1.1

Action                   |  1- 3 |  4- 6 || total
-------------------------+-------+-------++-------
Melee: Short sword       |       |     2 ||     2
 Cast: Magic Dart        |    84 |    30 ||   114
       Call Imp          |    21 |    20 ||    41
  Use: Scroll            |     5 |     3 ||     8
  Eat: Chunk             |     4 |     3 ||     7
Armor: Robe              |     2 |       ||     2
Dodge: Dodged            |    21 |    16 ||    37
